 Dungeon Crawl Stone Soup version 0.23.2-30-g0e89c35649 (webtiles) character file.

Game seed: 1245723777314989356

75588 Matador8 the Carver (level 15, -8/117 HPs)
             Began as a Demonspawn Abyssal Knight on June 25, 2019.
             Was a Priest of Lugonu.
             Shot with a bolt by a yaktaur (22 damage)
             ... on level 15 of the Dungeon.
             The game lasted 03:30:00 (37538 turns).

Matador8 the Carver (Demonspawn Abyssal Knight)    Turns: 37538, Time: 03:30:00

Health: -8/117     AC: 18    Str: 22    XL:     15   Next: 10%
Magic:  0/24       EV: 16    Int: 14    God:    Lugonu [***...]
Gold:   1273       SH:  4    Dex: 19    Spells: 13/25 levels left

rFire    . . .     SeeInvis .   a - +0 scimitar
rCold    . . .     Gourm    .   (no shield)
rNeg     . . .     Faith    .   K - +4 ring mail of Defiance {rPois Str+4}
rPois    +         Spirit   +   B - +0 helmet
rElec    +         Reflect  +   k - +0 cloak
rCorr    .         Harm     .   p - +0 pair of gloves
MR       +....                  (boots unavailable)
Stlth    +.........             M - +4 amulet of reflection
HPRegen  0.29/turn              G - +1 ring of slaying
MPRegen  0.38/turn              Y - +6 ring of dexterity

@: marked, hasted, very quick
A: talons 3, thin metallic scales 3, demonic guardian 1, magic shield, magic
regeneration
a: Depart the Abyss, Bend Space, Banish, Renounce Religion


You were on level 15 of the Dungeon.
You worshipped Lugonu.
Lugonu was most pleased with you.
You were not hungry.

You visited 3 branches of the dungeon, and saw 23 of its levels.
You visited the Abyss 1 time.
You also visited: Ossuary and Bailey.

You collected 1558 gold pieces.
You spent 285 gold pieces at shops.

Inventory:

Hand Weapons
 a - a +0 scimitar (weapon)
 b - the +5 hand crossbow "Wuav" {speed, Int+3 Dex+6}
   (You found it on level 13 of the Dungeon)

   Attacks with this weapon are significantly faster.
   It affects your intelligence (+3).
   It affects your dexterity (+6).
Missiles
 X - 76 bolts
Armour
 k - a +0 cloak (worn)
 p - a +0 pair of gloves (worn)
 B - a +0 helmet (worn)
 K - the +4 ring mail of Defiance (worn) {rPois Str+4}
   (You found it on level 1 of the Lair of Beasts)

   It affects your strength (+4).
   It protects you from poison.
 V - a +2 ring mail of fire resistance
Jewellery
 w - an uncursed ring of resist corrosion
 G - a +1 ring of slaying (left hand)
 M - a +4 amulet of reflection (around neck)
 N - an uncursed amulet of magic regeneration
 P - an uncursed amulet of the gourmand {unknown}
 Y - a +6 ring of dexterity (right hand)
 Z - an uncursed ring of stealth
Wands
 g - a wand of digging (13)
 C - a wand of clouds (7)
 I - a wand of enslavement (8)
 T - a wand of scattershot (4)
 U - a wand of paralysis (9)
Scrolls
 f - 2 scrolls of magic mapping
 i - 2 scrolls of amnesia
 j - 5 scrolls of blinking {unknown}
 n - 8 scrolls of teleportation
 s - 5 scrolls of fear
 t - 15 scrolls of remove curse
 u - 4 scrolls of random uselessness {unknown}
 v - 2 scrolls of fog {unknown}
 x - 3 scrolls of vulnerability {unknown}
 y - 6 scrolls of enchant weapon
 A - 2 scrolls of summoning {unknown}
 E - a scroll of brand weapon {unknown}
 F - a scroll of holy word {unknown}
 L - 5 scrolls of identify
 Q - 3 scrolls of noise {unknown}
 W - 3 scrolls of enchant armour {unknown}
Potions
 d - a potion of might
 e - a potion of resistance {unknown}
 h - 3 potions of heal wounds {unknown}
 l - 7 potions of curing
 m - 4 potions of brilliance
 o - 3 potions of flight
 q - 9 potions of haste
 r - 2 potions of magic {unknown}
 z - 3 potions of cancellation {unknown}
 D - 2 potions of berserk rage {unknown}
 H - 2 potions of ambrosia {unknown}
 J - a potion of invisibility {unknown}
 O - 3 potions of agility {unknown}
 S - a potion of mutation
Comestibles
 c - 24 rations
 R - 4 chunks of flesh


   Skills:
 - Level 10.5 Fighting
 - Level 14.0 Long Blades
 + Level 5.9 Crossbows
 - Level 6.6 Armour
 - Level 7.1 Dodging
 - Level 5.6 Spellcasting
 - Level 3.3 Conjurations
 - Level 6.0 Hexes
 - Level 5.0 Charms
 - Level 6.7 Necromancy
 - Level 13.1 Invocations


You had 13 spell levels left.
You knew the following spells:

 Your Spells              Type           Power        Failure   Level  Hunger
a - Dazzling Spray        Conj/Hex       ###...       11%         3    ###....
b - Regeneration          Chrm/Necr      ###.......   7%          3    ###....
c - Vampiric Draining     Necr           ###.......   4%          3    ###....
d - Confuse               Hex            ###.....     6%          3    ###....

Your spell library contained the following spells:

 Spells                   Type           Power        Failure   Level  Hunger
 Animate Skeleton         Necr           N/A          1%          1    None
 Confusing Touch          Hex            ###...       1%          1    None
 Corona                   Hex            ###....      1%          1    None
 Pain                     Necr           ###.         1%          1    None
 Tukima's Dance           Hex            ###.....     6%          3    ###....
 Ensorcelled Hibernation  Hex/Ice        ##....       11%         2    ##.....
 Animate Dead             Necr           N/A          16%         4    ####...
 Gell's Gravitas          Tloc           #.........   58%         3    ###....
 Metabolic Englaciation   Hex/Ice        ##........   89%         5    ######.
 Yara's Violent Unravell  Hex/Tmut       ##........   89%         5    ######.
 Petrify                  Tmut/Erth      #.......     94%         4    ####...


Dungeon Overview and Level Annotations

Branches:
Dungeon (15/15)            Temple (0/1) D:4            Lair (6/6) D:8
 Shoals (0/4) Lair:2       Spider (0/4) Lair:4        Slime (0/5) Lair:5
    Orc (2/2) D:10            Elf (0/3) Orc:2        Vaults (0/5) D:13
 Depths: D:15

Altars:
Cheibriados
Kikubaaqudgha
Makhleb
Okawaru
Ru
Trog
Uskayaw
Wu Jian
Xom
Zin
The Shining One
Beogh

Shops:
D:6 =*(*   D:8 (   D:10 ?   Orc:2 %*:=

Annotations:
D:3 Grinder
D:12 3 runed translucent doors
D:14 Frances
Lair:6 corrupted, 1 runed translucent door, cab's ghost, journeyman GrEE
Abyss:1 Fannar; Rupert; Snorg


Innate Abilities, Weirdness & Mutations

You have claws for feet.
You are completely covered in thin metallic scales. (AC +4, rElec)
A weak demonic guardian rushes to your aid.
When hurt, damage is shared between your health and your magic reserves.
You regenerate magic rapidly.


Message History

The yaktaur captain wields a +0 arbalest.
The yaktaur captain shoots a bolt.
The bolt misses you.
Press: ? - help, Shift-Dir - straight line, f - yaktaur captain
Aim: a yaktaur captain, wielding a +0 arbalest and wearing a +2 centaur barding (translocational energy, chance to defeat MR: 61%)
The yaktaur captain is devoured by a tear in reality.
Lugonu claims a new guest.
You feel somewhat more hungry. Something hits your ufetubus!
Your ufetubus dies!
Something hits you but does no damage. Something hits you.
A yaktaur comes into view.
Okay, then.
You feel yourself speed up. Something hits you.
* * * LOW HITPOINT WARNING * * *
Something hits you.
* * * LOW HITPOINT WARNING * * *
Something hits you!
* * * LOW HITPOINT WARNING * * *
The yaktaur wields a +0 arbalest.
The yaktaur shoots a bolt.
The bolt hits you!!
You die...

......#.........#..##
......#.........#..#
.÷....##.......(#..#############
.......#........#..............#
.......#.......##..............#
.......#.......#(..............##
.......#.......#(########........
####...#.......#.# #........
#†..####....#@# #.......#
#......#....#.# #.......#
#......######§# #.......#
####...........c§+ #.......#
#.............§..# #.......#
#########........# #.......#
#........# #..........
#...........


You could see a yaktaur.

Vanquished Creatures
  Erolcha (Orc:1)
  5 vault guards
  2 centaur warriors (D:15)
  3 hydras
  12 death yaks
  3 two-headed ogres
  An ogre mage (D:13)
  2 orc high priests (Orc:2)
  Sonja (D:10)
  3 unseen horrors
  An orc knight (Orc:1)
  A deep elf mage (D:14)
  4 slime creatures
  3 manticores
  An ugly thing (D:10)
  2 black mambas
  Maurice (D:9)
  2 centaur skeletons
  8 spiny frogs
  2 gargoyles
  2 rime drakes
  A kobold demonologist (D:15)
  5 komodo dragons
  3 jumping spiders (Lair:4)
  A redback zombie (D:15)
  4 meliai
  2 trolls (shapeshifter) (D:15)
  A hornet (D:14)
  3 polar bears
  A troll (D:12)
  2 dream sheep (D:12)
  10 hippogriffs
  19 blink frogs
  A meliai zombie (D:15)
  2 wraiths
  3 redbacks (Lair:4)
  39 yaks
  A wyvern (D:9)
  A human (D:13)
  A basilisk (Lair:6)
  11 vampire mosquitoes
  7 water moccasins
  3 wargs (Orc:2)
  6 porcupines
  22 orc warriors
  2 black bears
  3 ice beasts
  2 phantoms
  3 sky beasts
  7 necrophages (Lair:5)
  9 ogres
  16 wolves
  An ice beast (shapeshifter) (D:14)
  4 boggarts (Lair:4)
  11 crocodiles
  6 centaurs
  3 elf zombies (Ossuary)
  6 big kobolds
  A wyvern zombie (D:12)
  10 bullfrogs
  An elf skeleton (D:4)
  3 scorpions
  A water moccasin skeleton (D:5)
  12 killer bees
  4 electric eels
  2 howler monkeys
  11 crimson imps
  6 bullfrog zombies
  A human zombie (Ossuary)
  8 hounds
  A jelly (D:12)
  A quasit (D:6)
  A bullfrog skeleton (D:9)
  11 centaur zombies
  38 orc priests
  4 iguanas
  An iron imp (D:6)
  27 orc wizards
  A human skeleton (D:4)
  14 worker ants
  A hound skeleton (D:8)
  2 mummies (Ossuary)
  2 worker ant zombies
  24 adders
  A gnoll (D:9)
  3 shadow imps
  2 oozes
  An adder skeleton (D:5)
  A worm (D:3)
  4 dart slugs
  5 leopard geckos
  72 orcs
  A ball python (D:4)
  18 giant cockroaches
  5 goblins
  5 hobgoblins
  16 jackals
  5 quokkas
  4 bats (D:3)
  6 frilled lizards
  A giant cockroach zombie (D:5)
  A goblin zombie (D:6)
  3 hobgoblin zombies (D:6)
  14 kobolds
  5 kobold skeletons (D:6)
  A kobold zombie (D:6)
  A leopard gecko skeleton (D:4)
  3 orc skeletons
  2 orc zombies
  A quokka zombie (D:10)
  6 rats
657 creatures vanquished.

Vanquished Creatures (collateral kills)
  An ugly thing (D:12)
  A manticore (Lair:6)
  A torpor snail (Lair:5)
  2 spiny frogs (Lair:5)
  2 komodo dragons
  A troll (D:10)
  A hippogriff (Lair:2)
  A slime creature (D:12)
  4 blink frogs
  2 wyverns
  2 yaks
  A vampire mosquito (D:13)
  Edmund (D:4)
  A water moccasin (Lair:4)
  An orc warrior (D:9)
  An ice beast (D:7)
  3 wolves
  2 centaurs
  4 bullfrogs
  A howler monkey (D:5)
  2 centaur zombies (Ossuary)
  A centaur skeleton (D:10)
  4 orc priests
  A human skeleton (D:4)
  A worker ant (D:5)
  A mummy (Ossuary)
  An adder (D:3)
  A leopard gecko (D:8)
  13 orcs
  A goblin (D:9)
  2 quokkas
  4 kobolds
  A fungus (Lair:2)
66 creatures vanquished.

Vanquished Creatures (others)
  A yaktaur captain (D:15)
  Josephine (Lair:6)
  4 hydras
  A centaur warrior (D:15)
  A death knight (D:14)
  3 catoblepae (Lair:6)
  3 orc high priests (Orc:2)
  3 death yaks (Lair:6)
  A deep elf knight (D:12)
  4 orc sorcerers
  2 black mambas
  7 spiny frogs
  2 kobold demonologists
  2 meliai (D:14)
  2 jumping spiders (Lair:4)
  A troll (D:10)
  6 blink frogs (Lair:6)
  5 wraiths (Lair:6)
  11 yaks (Lair:6)
  A basilisk (Lair:6)
  2 hungry ghosts
  An orc warrior (Bailey)
  A centaur (D:15)
  A crocodile (Lair:6)
  An orc (Orc:1)
  A bush (Lair:6)
  24 fungi
  33 plants
  2 starspawn tentacles (Lair:6)
127 creatures vanquished.

Grand Total: 850 creatures vanquished

Notes
Turn   | Place    | Note
-------+----------+-------------------------------------------
     0 | Abyss:1  | Matador8 the Demonspawn Abyssal Knight began the quest for
                  | the Orb.
     0 | Abyss:1  | Reached XP level 1. HP: 18/18 MP: 2/2
    27 | D:1      | Escaped the Abyss
   287 | D:1      | Reached skill level 2 in Long Blades
   365 | D:1      | Gained mutation: A weak demonic guardian rushes to your
                  | aid. [demonic ancestry]
   365 | D:1      | Reached XP level 2. HP: 22/24 MP: 4/4
   642 | D:2      | Reached ** piety under Lugonu
   642 | D:2      | Gained mutation: You are partially covered in thin metallic
                  | scales. (AC +2) [demonic ancestry]
   642 | D:2      | Reached XP level 3. HP: 23/29 MP: 5/5
   759 | D:2      | Reached skill level 3 in Long Blades
  1131 | D:2      | Reached XP level 4. HP: 24/35 MP: 6/6
  1938 | D:3      | Found an ancient bone altar of Kikubaaqudgha.
  1977 | D:3      | Reached skill level 4 in Long Blades
  2130 | D:3      | Gained mutation: When hurt, damage is shared between your
                  | health and your magic reserves. [demonic ancestry]
  2130 | D:3      | Reached XP level 5. HP: 37/41 MP: 8/8
  2254 | D:3      | Found a glowing golden altar of the Shining One.
  2829 | D:3      | Noticed Grinder
  2913 | D:4      | Noticed Edmund
  3134 | D:4      | Reached *** piety under Lugonu
  3171 | D:4      | Reached skill level 5 in Invocations
  3184 | D:4      | Found a sand-covered staircase.
  3190 | Ossuary  | Entered an ossuary
  3208 | Ossuary  | Gained mutation: You have sharp toenails. [demonic
                  | ancestry]
  3208 | Ossuary  | Reached XP level 6. HP: 35/47 MP: 9/9
  3213 | Ossuary  | Reached skill level 5 in Long Blades
  3434 | Ossuary  | Reached XP level 7. HP: 47/52 MP: 11/11
  3476 | Ossuary  | Reached skill level 6 in Long Blades
  3598 | D:4      | Paralysed by an orc for 7 turns
  3934 | D:4      | Found a shimmering altar of Xom.
  4111 | D:4      | Killed Edmund
  4258 | D:4      | Reached skill level 7 in Long Blades
  4342 | D:4      | Found a bloodstained altar of Trog.
  4366 | D:4      | Found a staircase to the Ecumenical Temple.
  4438 | D:4      | Gained mutation: You are mostly covered in thin metallic
                  | scales. (AC +3) [demonic ancestry]
  4438 | D:4      | Reached XP level 8. HP: 58/58 MP: 13/13
  4473 | D:5      | Entered Level 5 of the Dungeon
  4547 | D:5      | Found a burning altar of Makhleb.
  4604 | D:5      | Found a hide-covered altar of Uskayaw.
  5055 | D:6      | Found Jytoamuo's Assorted Antiques.
  5055 | D:6      | Found Irair's Jewellery Shoppe.
  5057 | D:6      | Bought a scroll labeled ERE WETIXIUSUV for 29 gold pieces
  5057 | D:6      | Bought a bubbling amethyst potion for 26 gold pieces
  5057 | D:6      | Bought a scroll labeled LERU ICUDUOM for 29 gold pieces
  5057 | D:6      | Bought a potion of might for 116 gold pieces
  5057 | D:6      | Found a snail-covered altar of Cheibriados.
  5057 | D:6      | Found a glowing silver altar of Zin.
  5086 | D:6      | Reached **** piety under Lugonu
  5101 | D:6      | Reached skill level 8 in Long Blades
  5326 | D:6      | Found Gunosyu's Assorted Antiques.
  5607 | D:6      | Found a glowing golden altar of the Shining One.
  5816 | D:6      | Found Ymobryav's Weapon Shop.
  6272 | D:6      | Gained mutation: You have razor-sharp toenails. [demonic
                  | ancestry]
  6272 | D:6      | Reached XP level 9. HP: 50/65 MP: 11/16
  6810 | D:7      | Reached skill level 5 in Fighting
  6810 | D:7      | Reached skill level 10 in Invocations
  7177 | D:8      | Found a staircase to the Lair.
  7261 | D:8      | Found an iron altar of Okawaru.
  7342 | D:8      | Found Cesok's Weapon Shoppe.
  8387 | D:8      | Reached skill level 1 in Dodging
  8418 | D:8      | Found an ornate altar of the Wu Jian Council.
  8492 | D:9      | Found a flagged portal.
  8495 | D:9      | Found a shimmering altar of Xom.
  8511 | Bailey   | Entered a bailey
  8903 | D:8      | Gained mutation: You regenerate magic rapidly. [demonic
                  | ancestry]
  8903 | D:8      | Reached XP level 10. HP: 25/76 MP: 8/18
  9629 | D:9      | Found a sacrificial altar of Ru.
 10210 | D:9      | Reached skill level 5 in Armour
 10446 | D:9      | Reached ***** piety under Lugonu
 10585 | D:10     | Entered Level 10 of the Dungeon
 10868 | D:10     | Found Duaddet's Magic Scroll Boutique.
 10923 | D:10     | Bought a scroll of identify for 34 gold pieces
 10923 | D:10     | Bought a scroll of teleportation for 51 gold pieces
 12358 | D:10     | Found a roughly hewn altar of Beogh.
 12360 | D:10     | Found a staircase to the Orcish Mines.
 12918 | Lair:1   | Entered Level 1 of the Lair of Beasts
 12918 | Lair:1   | Noticed a spiny frog
 13133 | Lair:1   | Banished a spiny frog
 13386 | Lair:1   | Found an iron altar of Okawaru.
 13427 | Lair:1   | Reached XP level 11. HP: 52/87 MP: 11/19
 13686 | Lair:1   | Got a sapphire-encrusted ring mail
 13688 | Lair:1   | Noticed a four-headed hydra
 13704 | Lair:1   | Banished a four-headed hydra
 13969 | Lair:1   | Noticed a five-headed hydra
 13971 | Lair:1   | Banished a five-headed hydra
 14063 | Lair:1   | Identified the +4 ring mail of Defiance {rPois Str+4} (You
                  | found it on level 1 of the Lair of Beasts)
 14657 | Lair:2   | Noticed a seven-headed hydra
 14658 | Lair:2   | Banished a seven-headed hydra
 14658 | Lair:2   | Reached skill level 9 in Long Blades
 14665 | Lair:2   | Found a staircase to the Shoals.
 15525 | Lair:2   | Reached skill level 10 in Long Blades
 15661 | Lair:2   | Noticed Fannar
 15667 | Lair:2   | Banished Fannar
 16100 | Lair:3   | Reached skill level 11 in Long Blades
 16921 | Lair:4   | Gained mutation: You have claws for feet. [demonic
                  | ancestry]
 16921 | Lair:4   | Reached XP level 12. HP: 84/97 MP: 18/20
 17238 | Lair:4   | Reached skill level 12 in Long Blades
 17337 | Lair:4   | Noticed a seven-headed hydra
 18336 | Lair:4   | Noticed Snorg
 18340 | Lair:4   | Banished Snorg
 18375 | Lair:4   | Reached skill level 13 in Long Blades
 18905 | Lair:4   | Banished a seven-headed hydra
 19229 | Lair:4   | Found a hole to the Spider Nest.
 19868 | Lair:5   | Noticed a five-headed hydra
 19869 | Lair:5   | Banished a five-headed hydra
 19869 | Lair:5   | Reached skill level 14 in Long Blades
 20013 | Lair:5   | Reached skill level 10 in Fighting
 20040 | Lair:5   | You fall through a shaft!
 20040 | Lair:6   | Entered Level 6 of the Lair of Beasts
 20040 | Lair:6   | Noticed a five-headed hydra
 20041 | Lair:6   | Banished a five-headed hydra
 20081 | Lair:6   | Noticed a death yak
 20081 | Lair:6   | Noticed a death yak
 20082 | Lair:6   | Noticed a death yak
 20082 | Lair:6   | Noticed a death yak
 20126 | Lair:6   | Corrupted Lair:6
 20126 | Lair:6   | Noticed a tentacled starspawn
 20126 | Lair:6   | Noticed a tentacled starspawn
 20126 | Lair:6   | Noticed a hell hog
 20130 | Lair:6   | Killed a death yak
 20132 | Lair:6   | Killed a death yak
 20132 | Lair:6   | Killed a death yak
 20133 | Lair:6   | Killed a death yak
 20136 | Lair:6   | Noticed a starcursed mass
 20184 | Lair:6   | Killed Josephine
 20226 | Lair:6   | Noticed a death yak
 20234 | Lair:6   | Noticed a death yak
 20239 | Lair:6   | Noticed a death yak
 20239 | Lair:6   | Noticed a death yak
 20255 | Lair:6   | Noticed a death yak
 20629 | Lair:5   | Found a staircase to the Slime Pits.
 20700 | Lair:5   | Gained mutation: You are completely covered in thin
                  | metallic scales. (AC +4, rElec) [demonic ancestry]
 20700 | Lair:5   | Reached XP level 13. HP: 82/103 MP: 15/21
 21953 | Lair:6   | Found a runed translucent door.
 21961 | Lair:6   | Noticed cab's ghost (journeyman GrEE)
 21964 | Lair:6   | Identified the +8 trident "Tiwky" {freeze, +Rage rC- rN+
                  | SInv}
 22282 | Lair:5   | Learned a level 3 spell: Dazzling Spray
 22305 | Lair:5   | Reached skill level 1 in Conjurations
 22305 | Lair:5   | Reached skill level 1 in Hexes
 23125 | Lair:6   | Learned a level 3 spell: Regeneration
 23217 | Lair:6   | Reached skill level 1 in Necromancy
 23225 | Lair:6   | Reached skill level 1 in Spellcasting
 23859 | Lair:6   | Reached skill level 1 in Charms
 26008 | D:11     | Noticed Sonja
 26085 | Orc:1    | Entered Level 1 of the Orcish Mines
 26220 | Orc:2    | Entered Level 2 of the Orcish Mines
 26590 | Orc:1    | Noticed Erolcha
 26598 | Orc:1    | Killed Erolcha
 26940 | Orc:2    | Found a staircase to the Elven Halls.
 27394 | Orc:2    | Found a roughly hewn altar of Beogh.
 27555 | Orc:2    | Reached skill level 5 in Necromancy
 28127 | Orc:2    | Reached XP level 14. HP: 109/109 MP: 18/23
 28907 | Orc:2    | Found Zenown's Assorted Antiques.
 28907 | Orc:2    | Found Adyn's Food Shop.
 29292 | Orc:2    | Found a roughly hewn altar of Beogh.
 29300 | Orc:2    | Found Rafib's Jewellery Shoppe.
 29300 | Orc:2    | Found Kuurov's Book Shop.
 29605 | D:11     | Noticed Maurice
 29657 | D:10     | Killed Sonja
 29890 | D:9      | Killed Maurice
 29890 | D:9      | Reached skill level 5 in Spellcasting
 30141 | D:12     | Learned a level 3 spell: Vampiric Draining
 30729 | D:12     | Reached skill level 5 in Charms
 30964 | D:12     | Got a polished leather armour
 30976 | D:12     | Identified the +2 leather armour "Uwkouqix" {rElec Regen+
                  | Str+2} (You found it on level 12 of the Dungeon)
 30994 | D:12     | Found a runed translucent gate.
 30994 | D:12     | Found a runed translucent gate.
 30996 | D:12     | Noticed a white very ugly thing
 30998 | D:12     | Found a runed translucent gate.
 31312 | D:12     | Reached skill level 5 in Dodging
 31562 | D:13     | Noticed Rupert
 32280 | D:13     | Got a crude falchion
 32288 | D:13     | Identified the +5 falchion "With Two Names" {slice, MR+
                  | Int-4 Stlth+} (You found it on level 13 of the Dungeon)
 32569 | D:13     | Banished Rupert
 32775 | D:12     | Reached skill level 5 in Hexes
 32783 | D:12     | Learned a level 3 spell: Confuse
 33842 | D:13     | Found a gate to the Vaults.
 33938 | D:13     | Got a crude hand crossbow
 33939 | D:13     | Identified the +5 hand crossbow "Wuav" {speed, Int+3 Dex+6}
                  | (You found it on level 13 of the Dungeon)
 34562 | D:14     | Noticed a green very ugly thing
 34973 | D:14     | Reached skill level 1 in Crossbows
 35167 | D:14     | Banished a green very ugly thing
 35381 | D:14     | Noticed Frances
 35549 | D:15     | Entered Level 15 of the Dungeon
 37065 | D:15     | Reached XP level 15. HP: 75/117 MP: 17/24
 37303 | D:15     | Reached skill level 5 in Crossbows
 37538 | D:15     | Shot with a bolt by a yaktaur

Skill      XL: |  1  2  3  4  5  6  7  8  9 10 11 12 13 14 15 |
---------------+----------------------------------------------+-----
Long Blades    | 2 3 4 5 7 8 11 14 | 14.0
Invocations    | 3 4 5 6 7 9 11 13 | 13.1
Fighting       | 4 6 8 9 10 | 10.5
Armour         | 3 6 |  6.6
Dodging        | 3 4 7 |  7.1
Conjurations   | 3 |  3.3
Hexes          | 3 6 |  6.0
Necromancy     | 5 6 |  6.7
Spellcasting   | 4 5 |  5.6
Charms         | 3 5 |  5.0
Crossbows      | 4 5 |  5.9

Action                   |  1- 3 |  4- 6 |  7- 9 | 10-12 | 13-15 || total
-------------------------+-------+-------+-------+-------+-------++-------
Melee: Falchion          |    96 |   242 |   306 |       |       ||   644
       Kick              |       |    26 |   174 |   372 |   587 ||  1159
       Long sword        |       |       |   257 |  1015 |   460 ||  1732
       Scimitar          |       |       |       |       |   855 ||   855
 Fire: Hand crossbow     |       |       |       |       |    24 ||    24
 Cast: Regeneration      |       |       |       |       |     8 ||     8
       Confuse           |       |       |       |       |     5 ||     5
Invok: Banish            |       |       |     5 |    24 |    29 ||    58
       Bend Space        |       |       |     2 |     2 |    10 ||    14
       Corrupt           |       |       |       |     1 |       ||     1
Evoke: Wand              |       |       |       |       |    38 ||    38
  Use: Scroll            |       |     3 |     5 |     5 |     2 ||    15
       Potion            |       |       |     1 |       |     5 ||     6
 Stab: Sleeping          |     1 |       |       |       |       ||     1
       Distracted        |       |     1 |     4 |    10 |     5 ||    20
  Eat: Chunk             |     1 |     7 |    13 |    30 |    25 ||    76
       Ration            |       |       |     2 |     5 |    12 ||    19
Armor: Scale mail        |    58 |   132 |   230 |   145 |       ||   565
       Leather armour    |     1 |       |       |       |       ||     1
       Ring mail         |       |       |       |   252 |   508 ||   760
Dodge: Dodged            |    54 |   115 |   190 |   629 |   603 ||  1591
Block: Other             |       |    12 |    80 |   166 |   157 ||   415
       Reflection        |       |       |     2 |     1 |     8 ||    11
       Rpst.: Falchion   |    21 |    35 |    39 |       |       ||    95
       Long sword        |       |       |    29 |   186 |    45 ||   260
       Scimitar          |       |       |       |       |   103 ||   103
